 Dungeon Crawl Stone Soup version 0.27-a0-590-g94244163b4 (webtiles) character file.

Game seed: 14750433330629896431

88285 Lanoc the Markstengu (level 15, -1/104 HPs)
             Began as a Tengu Hunter on Mar 4, 2021.
             Was the Champion of Qazlal.
             Slain by a seven-headed hydra (3 damage)
             ... while petrified by a basilisk
             ... on level 5 of the Lair of Beasts on Mar 10, 2021.
             The game lasted 00:58:27 (21794 turns).

Lanoc the Markstengu (Tengu Hunter)                Turns: 21794, Time: 00:58:28

Health: -1/104     AC: 15    Str: 13    XL:     15   Next: 93%
Magic:  25/25      EV:  2    Int: 16    God:    Qazlal [******]
Gold:   1544       SH:  0    Dex: 27    Spells: 14/14 levels left

rFire    . . .     SeeInvis .   i - +6 scimitar
rCold    . . .     Faith    .   (no shield)
rNeg     + + +     Spirit   .   c - +3 ring mail of Weirdness {Regen+}
rPois    ∞         Reflect  +   (helmet restricted)
rElec    +         Harm     .   s - +0 cloak
rCorr    .         Rampage  .   b - +2 pair of gloves
Will     +....                  (boots unavailable)
Stlth    ..........             Y - amulet "Hotot" {Reflect rElec rPois Dex+2 SH+5 Stlth-}
HPRegen  1.27/turn              I - ring "Pacwash" {MP+9 Int+5 Dex+4 Slay+4 Stlth-}
MPRegen  0.19/turn              N - ring of the Hare {EV+8}

@: petrified, protected from physical damage, flying quickly and evasively,
repel missiles, quick
A: beak, talons 3, mutation resistance 1, able to fly
a: Stop Flying, Renounce Religion, Upheaval, Elemental Force, Disaster Area


You were on level 5 of the Lair of Beasts.
You worshipped Qazlal.
Qazlal was exalted by your worship.
You visited 5 branches of the dungeon, and saw 25 of its levels.
You also visited: Trove, Sewer, Ossuary and Gauntlet.

You collected 1994 gold pieces.
You spent 450 gold pieces at shops.

Inventory:

Hand Weapons
 a - a +1 shortbow of freezing
 i - a +6 scimitar (weapon)
 C - a +0 longbow
 G - the +3 dagger "Ceotief" {speed, rN++ Int-5 Dex+8}
   (You took it off a vampire on level 8 of the Dungeon)

   Attacks with this weapon are significantly faster.
   It affects your intelligence (-5).
   It affects your dexterity (+8).
   It greatly protects you from negative energy.
Missiles
 d - 179 arrows
 o - 8 datura-tipped darts (quivered)
 F - 3 curare-tipped darts
Armour
 b - a +2 pair of gloves (worn)
 c - the +3 ring mail of Weirdness (worn) {Regen+}
   (You found it on level 8 of the Dungeon)

   It increases your rate of regeneration.
 s - a +0 cloak (worn)
Jewellery
 h - a ring of protection from cold
 y - a ring of see invisible
 I - the ring "Pacwash" (right hand) {MP+9 Int+5 Dex+4 Slay+4 Stlth-}
   (You found it in a Gauntlet)

   [ring of slaying]

   It affects your intelligence (+5).
   It affects your dexterity (+4).
   It affects your accuracy and damage with ranged weapons and melee attacks
   (+4).
   It affects your magic capacity (+9).
   It makes you less stealthy.
 M - the ring "Hevel" {rF+ Will+}
   (You found it in a treasure trove)

   [ring of willpower]

   It protects you from fire.
   It affects your willpower, your defense against some magical effects.
 N - the ring of the Hare (left hand) {EV+8}
   (You found it in a treasure trove)

   [ring of evasion]

   It affects your evasion (+8).
 Y - the amulet "Hotot" (around neck) {Reflect rElec rPois Dex+2 SH+5 Stlth-}
   (You found it in a treasure trove)

   [amulet of reflection]

   It shields you and reflects attacks.
   It affects your dexterity (+2).
   It insulates you from electricity.
   It protects you from poison.
   It affects your SH (+5).
   It makes you less stealthy.
Wands
 j - a wand of iceblast (28)
 k - a wand of flame (41)
 l - a wand of paralysis (55)
 v - a wand of polymorph (20)
 B - a wand of random effects (36)
 J - a wand of mindburst (12)
 R - a wand of digging (12)
 Z - a wand of charming (8)
Scrolls
 f - 5 scrolls of teleportation
 m - a scroll of enchant armour
 q - 8 scrolls of identify
 r - 5 scrolls of fog
 u - 2 scrolls of magic mapping
 A - 2 scrolls of immolation
 H - 2 scrolls of amnesia
 L - 5 scrolls of enchant weapon
 Q - 2 scrolls of summoning
Potions
 e - 2 potions of resistance
 g - a potion of haste
 n - 4 potions of curing
 p - 6 potions of mutation
 t - 4 potions of lignification
 x - 3 potions of cancellation
 z - 4 potions of might
 E - 2 potions of brilliance
 S - a potion of ambrosia
 T - 2 potions of invisibility
 U - a potion of heal wounds
Miscellaneous
 D - a box of beasts
 K - a tin of tremorstones (2/2)


   Skills:
 + Level 15.6 Fighting
 + Level 17.2 Bows
 + Level 16.8 Dodging
 - Level 1.0 Stealth


You had 14 spell levels left.
You didn't know any spells.
Your spell library contained the following spells:

 Spells                   Type           Power      Damage    Failure   Level
 Animate Skeleton         Necr           0%         N/A       50%         1
 Foxfire                  Conj/Fire      0%         2x1d4     50%         1
 Pain                     Necr           0%         1d4       50%         1
 Sandblast                Erth           0%         2d4       50%         1
 Confusing Touch          Hex            0%         N/A       86%         3
 Conjure Flame            Conj/Fire      0%         6-21      86%         3
 Gell's Gravitas          Tloc           0%         N/A       86%         3
 Inner Flame              Hex/Fire       0%         N/A       86%         3
 Vampiric Draining        Necr           0%         2d6       86%         3
 Animate Dead             Necr           0%         N/A       99%         4
 Petrify                  Tmut/Erth      0%         N/A       99%         4
 Sticky Flame             Conj/Fire      0%         2d3       99%         4
 Agony                    Necr           0%         N/A       100%        5
 Fireball                 Conj/Fire      0%         3d3       100%        5
 Irradiate                Conj/Tmut      0%         3d13      100%        5
 Iskenderun's Battlesphe  Conj           0%         2d6       100%        5
 Metabolic Englaciation   Hex/Ice        0%         N/A       100%        5
 Yara's Violent Unravell  Hex/Tmut       0%         3d3       100%        5
 Freezing Cloud           Conj/Ice/Air   0%         6-21      100%        6
 Hydra Form               Tmut           0%         N/A       100%        6
 Statue Form              Tmut/Erth      0%         N/A       100%        6
 Dragon Form              Tmut           0%         N/A       100%        7
 Orb of Destruction       Conj           0%         N/A       100%        7


Dungeon Overview and Level Annotations

Branches:
Dungeon (15/15)            Temple (1/1) D:4            Lair (6/6) D:10
 Shoals (0/4) Lair:4       Spider (1/4) Lair:4        Slime (0/5) Lair:5
    Orc (2/2) D:9             Elf (0/3) Orc:2        Vaults (0/5) D:14
 Depths (0/5) D:15          Sewer (visited)         Ossuary (visited)
Gauntlet (visited)

Altars:
Dithmenos
Elyvilon
Fedhas
Gozag
Kikubaaqudgha
Makhleb
Nemelex Xobeh
Qazlal
Ru
Sif Muna
Trog
Vehumet
Wu Jian
Xom
The Shining One
Beogh
Jiyva

Shops:
D:6 *   D:12 :   Orc:2 **?*

Annotations:
Spider:1 Rupert


Innate Abilities, Weirdness & Mutations

You have a beak for a mouth.
You have claws for feet.
You can fly continuously.
You are somewhat resistant to further mutation.


Message History

The seven-headed hydra bites you.
The basilisk bites you but does no damage.
The water moccasin bites you but does no damage.
The water moccasin bites you but does no damage.
The seven-headed hydra bites you!
* * * LOW HITPOINT WARNING * * *
You feel more protected from physical attacks.
The seven-headed hydra bites you but does no damage.
The seven-headed hydra bites you!
* * * LOW HITPOINT WARNING * * *
The seven-headed hydra bites you but does no damage.
The seven-headed hydra bites you!
* * * LOW HITPOINT WARNING * * *
The seven-headed hydra bites you but does no damage.
The seven-headed hydra bites you!
* * * LOW HITPOINT WARNING * * *
You feel more protected from physical attacks.
The basilisk bites you but does no damage.
The water moccasin bites you but does no damage.
The seven-headed hydra bites you but does no damage.
The seven-headed hydra bites you!
* * * LOW HITPOINT WARNING * * *
The seven-headed hydra bites you!
* * * LOW HITPOINT WARNING * * *
The seven-headed hydra bites you.
* * * LOW HITPOINT WARNING * * *
The seven-headed hydra bites you.
* * * LOW HITPOINT WARNING * * *
The seven-headed hydra bites you.
The seven-headed hydra barely misses you.
The basilisk gazes at you.
You easily resist.
The water moccasin is engulfed in blazing flames.
You kill the water moccasin!
Qazlal accepts your kill. The seven-headed hydra bites you.
* * * LOW HITPOINT WARNING * * *
The seven-headed hydra bites you but does no damage.
The seven-headed hydra bites you.
You die...

...###..# #.....##
........#####......##
.........###....§...#
#......####...○☼.§..####
P.......# ####.(@§°....#
#......## ##lD.○....##
.......# #○........#
#.....## #........##
##....# ##......P#
#P#..## ##.#....#
###...# ##.....####
#..### ##.#...#.##### #
##...# ###...##.##.###


You could see a seven-headed hydra and a basilisk.

Vanquished Creatures
  A minotaur (Gauntlet)
  Snorg (Orc:1)
  10 slime creatures
  8 vault guards
  A boulder beetle (D:9)
  4 ogre magi (Orc:2)
  4 hydras
  2 catoblepae
  A rakshasa (D:15)
  2 centaur warriors
  A death knight (D:14)
  2 tengu warriors
  16 two-headed ogres
  An orc high priest (Orc:1)
  Urug (Lair:4)
  3 skeletal warriors
  2 unseen horrors
  A glowing orange brain (D:15)
  The ghost of t4s4d4r the Martial Artist, a novice OpTm of Nemelex Xobeh (D:7)
  A wizard (D:15)
  2 orc knights
  Pikel (D:7)
  A deep elf pyromancer (D:12)
  2 wolf spider zombies
  6 ugly things
  A deep elf zephyrmancer (D:15)
  2 orc sorcerers
  6 cyclopes
  5 manticores
  2 black mambas
  15 elephants
  Joseph (D:10)
  4 cane toads
  A gargoyle (D:8)
  2 minotaur zombies (Gauntlet)
  A rime drake (shapeshifter) (D:15)
  A rime drake (Lair:1)
  11 komodo dragons
  A redback zombie (D:14)
  An efreet (Gauntlet)
  A tengu conjurer (D:8)
  3 freezing wraiths (D:14)
  3 merfolk (Lair:4)
  8 trolls
  2 polar bears
  8 blink frogs (Lair:2)
  A hornet (D:15)
  A harpy skeleton (D:15)
  A blink frog (shapeshifter) (D:15)
  A vampire (D:8)
  Sigmund (D:2)
  16 yaks
  10 wraiths
  2 shadows
  3 basilisks
  3 water elementals
  2 wyverns
  A fire elemental (Gauntlet)
  A fire bat (Gauntlet)
  Grum (D:11)
  4 vampire mosquitoes
  Menkaure (D:5)
  4 wargs
  An acid dragon (D:11)
  An acid dragon (shapeshifter) (D:12)
  2 hell hounds (Gauntlet)
  A soldier ant (shapeshifter) (D:15)
  6 water moccasins
  A hornet zombie (D:15)
  5 ice beasts
  7 sky beasts
  37 ogres
  A black bear (shapeshifter) (D:15)
  5 boggarts (D:14)
  2 necrophages (D:9)
  15 orc warriors
  4 black bears
  27 wolves
  5 centaurs
  A tengu (shapeshifter) (D:8)
  3 lemures (D:7)
  3 phantoms
  2 kobold brigands
  An elf zombie (D:9)
  14 bullfrogs
  2 wyvern zombies
  3 wyvern skeletons
  A water moccasin zombie (D:6)
  A water moccasin skeleton (D:11)
  7 scorpions
  A troll zombie (D:9)
  16 killer bees
  11 wights
  3 electric eels
  4 howler monkeys
  2 centaur zombies
  2 quasits
  A bullfrog zombie (D:8)
  2 jellies
  7 hounds
  2 human zombies (D:9)
  15 orc priests
  A bullfrog skeleton (D:8)
  5 centaur skeletons
  Terence (D:2)
  10 iguanas
  3 merfolk sirens
  20 orc wizards
  12 worker ants
  A merfolk avatar (Sewer)
  2 hound zombies (D:8)
  2 mummies
  A worker ant zombie (D:6)
  17 adders
  6 river rats
  3 shadow imps
  2 white imps
  3 ufetubi
  3 oozes
  2 adder skeletons
  3 worms
  A dart slug (D:1)
  8 leopard geckos
  54 orcs
  3 spectral bats (Ossuary)
  9 bats
  14 giant cockroaches
  11 goblins
  8 hobgoblins
  4 jackals (D:6)
  3 quokkas
  7 ball pythons
  A ball python skeleton (D:5)
  3 bat simulacra (Ossuary)
  11 frilled lizards
  12 gnoll zombies (Ossuary)
  6 goblin simulacra (Ossuary)
  3 goblin zombies (Ossuary)
  5 hobgoblin zombies (Ossuary)
  21 kobolds
  3 kobold simulacra (Ossuary)
  6 kobold zombies (Ossuary)
  An orc skeleton (D:9)
  5 orc zombies
  2 quokka skeletons
  A quokka zombie (D:6)
  29 rats
  4 rat simulacra (Ossuary)
  4 spectral goblins (Ossuary)
  2 spectral kobolds (Ossuary)
  5 spectral rats (Ossuary)
774 creatures vanquished.

Vanquished Creatures (others)
  A manticore (D:14)
  A yak (D:12)
  An orc priest (Orc:2)
  An orc (Orc:1)
  2 fungi
  36 plants
42 creatures vanquished.

Grand Total: 816 creatures vanquished

Notes
Turn   | Place    | Note
-------+----------+-------------------------------------------
     0 | D:1      | Lanoc the Tengu Hunter began the quest for the Orb.
     0 | D:1      | Reached XP level 1. HP: 12/12 MP: 2/2
   288 | D:1      | Reached XP level 2. HP: 17/17 MP: 3/3
   689 | D:2      | Noticed Terence
   705 | D:1      | Reached XP level 3. HP: 11/22 MP: 4/4
   711 | D:1      | Reached skill level 5 in Bows
   762 | D:2      | Killed Terence
   763 | D:2      | Reached XP level 4. HP: 26/27 MP: 5/5
   774 | D:2      | Found a stormy altar of Qazlal.
   783 | D:2      | Became a worshipper of Qazlal Stormbringer
   835 | D:2      | Found a sparkling altar of Nemelex Xobeh.
   853 | D:2      | Found a sacrificial altar of Ru.
   891 | D:2      | Noticed Sigmund
   960 | D:2      | Killed Sigmund
   961 | D:2      | Reached skill level 6 in Bows
   961 | D:2      | Gained mutation: You can fly continuously. [Tengu growth]
   961 | D:2      | Reached XP level 5. HP: 32/32 MP: 6/6
   961 | D:2      | Reached XP level 6. HP: 37/37 MP: 7/7
  1023 | D:2      | Found a glowing golden altar of the Shining One.
  1225 | D:3      | Found a blossoming altar of Fedhas.
  1380 | D:3      | Found an opulent altar of Gozag.
  1583 | D:3      | Reached * piety under Qazlal
  1880 | D:4      | Found a shimmering blue altar of Sif Muna.
  1928 | D:4      | Reached skill level 7 in Bows
  1928 | D:4      | Reached XP level 7. HP: 37/42 MP: 8/8
  2017 | D:4      | Found a radiant altar of Vehumet.
  2061 | D:4      | Found a glowing drain.
  2094 | Sewer    | Entered a sewer
  2149 | Sewer    | Reached ** piety under Qazlal
  2568 | D:4      | Found a staircase to the Ecumenical Temple.
  2653 | D:4      | Reached skill level 5 in Dodging
  2684 | Temple   | Entered the Ecumenical Temple
  2850 | D:4      | Reached *** piety under Qazlal
  2953 | D:4      | Reached skill level 8 in Bows
  2953 | D:4      | Identified Sif Muna's Tome of Earth
  3102 | D:4      | Reached XP level 8. HP: 47/48 MP: 9/9
  3142 | D:5      | Entered Level 5 of the Dungeon
  3338 | D:5      | Noticed a moth of wrath
  3341 | D:5      | Found a bloodstained altar of Trog.
  3548 | D:5      | Reached skill level 5 in Fighting
  3807 | D:5      | Found a burning altar of Makhleb.
  3878 | D:5      | Noticed Menkaure
  3887 | D:5      | Reached skill level 9 in Bows
  3894 | D:5      | Killed Menkaure
  4419 | D:6      | Found Cunev's Assorted Antiques.
  4428 | D:6      | Bought a scroll labelled HYTHYE YLATTUE for 26 gold pieces
  4428 | D:6      | Bought a scroll labelled MUOHOMMACSE for 26 gold pieces
  4510 | D:6      | Reached XP level 9. HP: 55/55 MP: 10/10
  4588 | D:6      | Reached skill level 10 in Bows
  4595 | D:6      | Reached **** piety under Qazlal
  5220 | D:7      | Noticed Pikel
  5259 | D:7      | Killed Pikel
  5260 | D:7      | Reached skill level 11 in Bows
  5325 | D:7      | Found a runed translucent gate.
  5326 | D:7      | Found a runed translucent gate.
  5326 | D:7      | Found an opulent altar of Gozag.
  5349 | D:7      | Found a sand-covered staircase.
  5353 | Ossuary  | Entered an ossuary
  5538 | Ossuary  | Reached ***** piety under Qazlal
  5908 | D:7      | Gained mutation: You are somewhat resistant to further
                  | mutation. [potion of mutation]
  5910 | D:7      | Found a runed translucent gate.
  5913 | D:7      | Noticed t4s4d4r's ghost (novice OpTm)
  6057 | D:7      | Found a white marble altar of Elyvilon.
  6154 | D:7      | Reached XP level 10. HP: 63/63 MP: 11/11
  6212 | D:7      | Killed t4s4d4r's ghost
  6416 | D:8      | Reached skill level 12 in Bows
  6633 | D:8      | Identified the +3 dagger "Ceotief" {speed, rN++ Int-5
                  | Dex+8}
  6634 | D:8      | Noticed a two-headed ogre
  6635 | D:8      | Noticed a gargoyle
  6636 | D:8      | Noticed a manticore
  6772 | D:8      | Killed a two-headed ogre
  6806 | D:8      | Killed a gargoyle
  6854 | D:8      | Reached XP level 11. HP: 69/69 MP: 12/12
  6903 | D:8      | Killed a manticore
  6904 | D:8      | Reached skill level 13 in Bows
  6960 | D:8      | Identified Sif Muna's Reference Book on Attacks
  6965 | D:8      | Identified the +3 ring mail of Weirdness {Regen+}
  7646 | D:9      | Found a staircase to the Orcish Mines.
  7686 | D:9      | Found an ancient bone altar of Kikubaaqudgha.
  7832 | D:9      | Noticed a boulder beetle
  7895 | D:9      | Noticed a two-headed ogre
  7922 | D:9      | Killed a two-headed ogre
  8009 | D:9      | Found a white marble altar of Elyvilon.
  8070 | D:9      | Found a shadowy altar of Dithmenos.
  8103 | D:9      | Noticed a two-headed ogre
  8127 | D:9      | Killed a two-headed ogre
  8128 | D:9      | Reached skill level 10 in Dodging
  8296 | D:9      | Found an ornate altar of the Wu Jian Council.
  8375 | D:9      | Killed a boulder beetle
  8376 | D:9      | Reached skill level 14 in Bows
  8412 | D:10     | Entered Level 10 of the Dungeon
  8418 | D:10     | Reached ****** piety under Qazlal
  8471 | D:10     | Noticed Joseph
  8496 | D:10     | Killed Joseph
  8592 | D:10     | Noticed a two-headed ogre
  8603 | D:10     | Killed a two-headed ogre
  8738 | D:10     | Found a staircase to the Lair.
  8818 | D:10     | Reached skill level 10 in Fighting
  8993 | D:10     | Found a stormy altar of Qazlal.
  8995 | D:10     | Found a shimmering altar of Xom.
  8995 | D:10     | Found a bloodstained altar of Trog.
  8997 | D:10     | Found a radiant altar of Vehumet.
  8997 | D:10     | Found a stormy altar of Qazlal.
  8997 | D:10     | Found a shadowy altar of Dithmenos.
  9208 | D:11     | Noticed a skeletal warrior
  9209 | D:11     | Noticed a skeletal warrior
  9211 | D:11     | Noticed a skeletal warrior
  9254 | D:10     | Killed a skeletal warrior
  9255 | D:10     | Reached XP level 12. HP: 57/77 MP: 13/13
  9363 | D:11     | Noticed a two-headed ogre
  9363 | D:11     | Noticed Grum
  9373 | D:11     | Killed a two-headed ogre
  9384 | D:11     | Killed Grum
 10702 | D:12     | Found Sewkuul's Book Shop.
 11209 | D:13     | Noticed a centaur warrior
 11279 | D:13     | Reached XP level 13. HP: 68/86 MP: 14/14
 12312 | D:14     | Noticed a vault guard
 12313 | D:14     | Noticed a vault guard
 12313 | D:14     | Noticed a vault guard
 12314 | D:14     | Noticed a vault guard
 12314 | D:14     | Noticed a vault guard
 12314 | D:14     | Noticed a vault guard
 12315 | D:14     | Found a gate to the Vaults.
 12315 | D:14     | Noticed a vault guard
 12315 | D:14     | Noticed a vault guard
 12382 | D:14     | Killed a vault guard
 12397 | D:14     | Killed a vault guard
 12418 | D:14     | Killed a vault guard
 12451 | D:14     | Killed a vault guard
 12560 | D:14     | Upgraded the game from 0.27-a0-522-g46bbb28828 to
                  | 0.27-a0-590-g94244163b4
 12722 | D:14     | Killed a vault guard
 12754 | D:14     | Killed a vault guard
 13404 | D:14     | Killed a vault guard
 14007 | D:15     | Entered Level 15 of the Dungeon
 14093 | D:15     | Found a portal to a secret trove of treasure.
 14102 | D:15     | Found a gate leading to a gauntlet.
 14111 | Gauntlet | Entered a Gauntlet
 14111 | Gauntlet | Found a transporter.
 14122 | Gauntlet | Found a transporter.
 14141 | Gauntlet | Found a runed translucent door.
 14146 | Gauntlet | Found a transporter.
 14173 | Gauntlet | Found a transporter.
 14189 | Gauntlet | Found a transporter.
 14197 | Gauntlet | Found a transporter.
 14201 | Gauntlet | Found a transporter.
 14202 | Gauntlet | Found a transporter.
 14224 | Gauntlet | Found a transporter.
 14226 | Gauntlet | Noticed a green death
 14260 | Gauntlet | Found a transporter.
 14260 | Gauntlet | Found a transporter.
 14261 | Gauntlet | Noticed a great orb of eyes
 14267 | Gauntlet | Found a transporter.
 14371 | Gauntlet | Identified the ring "Pacwash" {MP+9 Int+5 Dex+4 Slay+4
                  | Stlth-}
 14409 | Gauntlet | Identified the ring of Exhibitionism {+Inv rC+ Str-2 Int-4
                  | Stlth+}
 14453 | Gauntlet | Noticed a minotaur
 14469 | Gauntlet | Killed a minotaur
 14470 | Gauntlet | Reached skill level 15 in Bows
 14613 | D:15     | Reached XP level 14. HP: 94/94 MP: 15/15
 15115 | D:15     | Reached skill level 15 in Dodging
 15543 | D:15     | Found a staircase to the Depths.
 16004 | Orc:1    | Entered Level 1 of the Orcish Mines
 16070 | Orc:1    | Noticed Snorg
 16082 | Orc:1    | Killed Snorg
 16347 | Orc:2    | Entered Level 2 of the Orcish Mines
 16475 | Orc:1    | Reached skill level 16 in Bows
 16668 | Orc:1    | Reached XP level 15. HP: 75/101 MP: 16/16
 16974 | Orc:2    | Found Eveolubb's Magic Scroll Boutique.
 16974 | Orc:2    | Found Hofu's General Store.
 16974 | Orc:2    | Found Gick's Assorted Antiques.
 16974 | Orc:2    | Found Zyenit's General Store.
 16983 | Orc:2    | Bought a scroll of summoning for 114 gold pieces
 16984 | Orc:2    | Bought 2 fuming coppery potions for 55 gold pieces
 16987 | Orc:2    | Bought 3 scrolls of fear for 178 gold pieces
 16987 | Orc:2    | Bought a scroll of teleportation for 51 gold pieces
 17121 | Orc:2    | Found a staircase to the Elven Halls.
 17391 | Orc:2    | Reached skill level 15 in Fighting
 17886 | Lair:1   | Entered Level 1 of the Lair of Beasts
 18665 | D:15     | You paid a toll of 6 scrolls of fear to enter a treasure
                  | trove
 18666 | Trove    | Entered a treasure trove
 18669 | Trove    | Found the ring of the Hare {EV+8}
 18682 | Trove    | Identified the ring "Hevel" {rF+ Will+}
 18686 | Trove    | Identified the ring of Symmetry {Fire +Inv}
 18694 | Trove    | Identified the amulet "Hotot" {Reflect rElec rPois Dex+2
                  | SH+5 Stlth-}
 20063 | Lair:3   | Reached skill level 17 in Bows
 20401 | Lair:4   | Noticed Urug
 20412 | Lair:4   | Killed Urug
 20661 | Lair:4   | Found a hole to the Spider Nest.
 20690 | Lair:4   | Found a staircase to the Shoals.
 20909 | Spider:1 | Entered Level 1 of the Spider Nest
 20909 | Spider:1 | Noticed Rupert
 21351 | Lair:5   | Found a viscous altar of Jiyva.
 21351 | Lair:5   | Found a staircase to the Slime Pits.
 21782 | Lair:6   | Entered Level 6 of the Lair of Beasts
 21793 | Lair:5   | HP: 5/104 [seven-headed hydra (1)]
 21793 | Lair:5   | HP: 2/104 [seven-headed hydra (3)]
 21794 | Lair:5   | Slain by a seven-headed hydra

Illustrated notes

Levels and vault maps discovered:
D:1:      dpeg_arrival_line_fractal, layout_rooms
D:2:      minmay_wonky_spiral, layout_loops_ring,
          nemelex_xobeh_ov_fountains_minmay, grunt_qazlal_sundering,
          general_overflow_altar, nicolae_overflow_crystal_walls, uniq_terence,
          uniq_sigmund
D:3:      layout_basic, overflow_temple_1_default, overflow_temple_1_default
D:4:      layout_loops_ring, vehumet_altar_wand_db, led_sif_book,
          minmay_temple_entry_statues, portal_sewer_entry_c
D:5:      minmay_angry_zag, layout_loops_cross, lemuel_coloured_pillars_altar,
          tgw_trog, hangedman_abyss_or_decor_passed, uniq_menkaure
D:6:      minmay_razor_zed, layout_basic, serial_shops, nicolae_shop_stone
D:7:      layout_cave_pools, nicolae_ossuary_entry_plus, ebering_ghost_gozag,
          lemuel_statue_altar, uniq_pikel
D:8:      minmay_the_grid_octo_2x2 [minmay_the_grid_octo_77,
          minmay_the_grid_octo_clover_2, minmay_the_grid_octo_tetromino_candy,
          minmay_the_grid_octo_prize_square_snowflake], layout_loops_cross
D:9:      layout_roguey, grunt_dithmenos_smoke_and_mirrors,
          lemuel_mausoleum_altar_kikubaaqudgha, elyvilon_altar_4,
          kennysheep_mini, orc_0_dummy, kennysheep_island_fort
D:10:     layout_loops_ring, lair_entry_dummy, doesnt_xom_only_xom, uniq_joseph
D:11:     layout_cave_pools, uniq_grum
D:12:     layout_loops_cross, serial_shops, nicolae_shop_crystal
D:13:     layout_irregular_city
D:14:     layout_roguey, erik_vaults_2, serial_corexii_hall,
          corexii_hall_statues_i, corexii_hall_statues_l,
          corexii_hall_statues_l, corexii_hall_statues_l,
          corexii_hall_statues_s, corexii_hall_statues_i, minmay_crystal_water,
          lemuel_flamethrower_hall
D:15:     gammafunk_enter_depths_forms, layout_loops_ring,
          gauntlet_entry_generic, enter_trove_2, serial_bayou_ford_a, drop_trap,
          lightli_fourway_metalbox
Temple:   corrupted_temple
Lair:1:   layout_hall_layers
Lair:2:   layout_gridlike, grunt_megastairs_5, serial_bayou_shore_b
Lair:3:   layout_misc_corridors
Lair:4:   layout_cave_shapes, elwin_shoals_entry_stream, dummy_spider_entry,
          lookout_lair_type, uniq_urug
Lair:5:   layout_cave_pods, dpeg_slime_entry_enclosed_altar
Lair:6:   evil_forest, layout_loops_ring, st_stairs_3
Spider:1: layout_spider_delve, uniq_rupert
Orc:1:    layout_diamond_mine, uniq_snorg
Orc:2:    st_orc_ogre_mass, layout_caves, nicolae_orc_damp_corner, mines1_david

Skill      XL: |  1  2  3  4  5  6  7  8  9 10 11 12 13 14 15 |
---------------+----------------------------------------------+-----
Bows           | 5 6 7 8 9 11 12 14 15 16 17 | 17.2
Dodging        | 3 4 5 6 7 9 11 13 14 15 16 | 16.8
Fighting       | 3 4 5 7 8 10 12 13 14 15 | 15.6
Stealth        | |  1.0

Action                   |  1- 3 |  4- 6 |  7- 9 | 10-12 | 13-15 || total
-------------------------+-------+-------+-------+-------+-------++-------
Melee: Short sword       |    80 |    93 |   520 |   436 |   375 ||  1504
       Peck              |    10 |    12 |    97 |   126 |   159 ||   404
       Kick              |    12 |    28 |   158 |   185 |   237 ||   620
       Scimitar          |       |       |       |       |    80 ||    80
 Fire: Shortbow          |    15 |    48 |    44 |   575 |  1274 ||  1956
Throw: Dart              |       |       |       |       |     4 ||     4
 Abil: Fly               |       |     1 |       |       |       ||     1
Evoke: Wand              |       |       |       |     2 |       ||     2
  Use: Scroll            |       |     7 |     6 |    11 |     9 ||    33
       Potion            |       |       |     2 |       |     3 ||     5
 Stab: Sleeping          |       |     1 |       |       |       ||     1
Armor: Leather armour    |    21 |    14 |    76 |    25 |       ||   136
       Ring mail         |       |       |       |    87 |   226 ||   313
Dodge: Dodged            |    56 |    93 |   331 |   562 |  1354 ||  2396
       Repelled          |       |       |       |     3 |    10 ||    13
Block: Other             |       |       |    93 |   228 |   629 ||   950
       Rpst.: Scimitar   |       |       |       |       |    26 ||    26

Table legend: (Time is in decaauts)
 A = Elapsed time spent in this place.
 B = Non-inter-level travel time spent in this place.
 C = Inter-level travel time spent in this place.
 D = Time resting spent in this place.
 E = Time spent auto-exploring this place.
 F = Levels seen in this place.
 G = Mean time per level.
                   A        B        C        D        E       F      G
               +--------+--------+--------+--------+--------+-----+--------+
         Total |  19698 |  18324 |   1374 |     20 |  12583 |  29 |  679.2 |
       Dungeon |  13869 |  12772 |   1097 |      0 |   8508 |  15 |  924.6 |
        Temple |      1 |      1 |      0 |      0 |      0 |   1 |    1.0 |
          Lair |   3255 |   3134 |    121 |      0 |   2574 |   6 |  542.5 |
   Spider Nest |      3 |      3 |      0 |      0 |      0 |   1 |    3.0 |
  Orcish Mines |   1382 |   1227 |    155 |     20 |    785 |   2 |  691.0 |
         Trove |     35 |     35 |      0 |      0 |     14 |   1 |   35.0 |
         Sewer |    416 |    416 |      0 |      0 |    244 |   1 |  416.0 |
       Ossuary |    369 |    369 |      0 |      0 |    197 |   1 |  369.0 |
      Gauntlet |    364 |    364 |      0 |      0 |    259 |   1 |  364.0 |
               +--------+--------+--------+--------+--------+-----+--------+

Top non-repeatable levels by time:
    D:14: 1702 daAuts
    D:15: 1406 daAuts
     D:8: 1201 daAuts
    D:10: 1132 daAuts
     D:6: 1071 daAuts
    D:12: 960 daAuts
    D:13: 907 daAuts
  Lair:2: 849 daAuts
     D:5: 825 daAuts
     D:4: 796 daAuts
  Lair:5: 788 daAuts
   Orc:1: 786 daAuts
     D:1: 748 daAuts
     D:9: 722 daAuts
    D:11: 708 daAuts
